 Dungeon Crawl Stone Soup version 0.17.1-2-g5865329 (webtiles) character file.

319 Mysteryquy the Ducker (level 6, -1/47 HPs)
             Began as a Mummy Gladiator on Jan 17, 2016.
             Slain by a goblin
             ... wielding a +0 dagger
             ... led by Robin
              (4 damage)
             ... on level 3 of the Dungeon.
             The game lasted 00:07:26 (3004 turns).

Mysteryquy the Ducker (Mummy Gladiator)             Turns: 3004, Time: 00:07:26

Health: -1/47      AC:  6    Str: 19    XL:     6   Next: 21%
Magic:  6/6        EV: 13    Int:  7    God:
Gold:   98         SH:  0    Dex: 14    Spells: 0 memorised, 5 levels left

rFire  x . .     SeeInvis .     a - +0 quarterstaff
rCold  + . .     Clarity  .     b - +0 leather armour
rNeg   + + +     SustAt   .     (shield currently unavailable)
rPois  ∞         Gourm    .     c - +0 helmet
rElec  .         Spirit   .     (no cloak)
rCorr  .         Warding  .     g - +0 pair of gloves
rMut   .         Stasis   .     h - +0 pair of boots
MR     .....                    (no amulet)
Stlth  +.........               (no ring)
                                (no ring)

@: slowed, very slow, not resistant to hostile enchantments, very unstealthy
A: no food or potions, fire vulnerability, cold resistance 1, negative energy
resistance 3, torment resistance, unbreathing
a: no special abilities


You were on level 3 of the Dungeon.
You were not hungry.

You visited 1 branch of the dungeon, and saw 3 of its levels.

You collected 98 gold pieces.

Inventory:

Hand Weapons
 a - a +0 quarterstaff (weapon)
Armour
 b - a +0 leather armour (worn)
 c - a +0 helmet (worn)
 g - a +0 pair of gloves (worn)
 h - a +0 pair of boots (worn)
Wands
 d - a wand of random effects (25)
Scrolls
 e - a scroll of remove curse
 i - a scroll of identify
 j - a scroll of noise


   Skills:
 + Level 3.3 Fighting
 + Level 3.4 Staves
 + Level 1.7 Throwing
 + Level 1.9 Armour
 + Level 4.0 Dodging
 + Level 0.5 Stealth


You had 5 spell levels left.
You didn't know any spells.

Dungeon Overview and Level Annotations

Branches:
Dungeon (3/15)

Altars:
Xom

Annotations:
D:3 Robin


Innate Abilities, Weirdness & Mutations

You do not eat or drink.
Your flesh is vulnerable to fire.
You are immune to poison.
Your flesh is cold resistant.
You are immune to negative energy.
You are immune to unholy pain and torment.
You can survive without breathing.


Message History

Things that are here:
an enchanted dagger; a goblin corpse Unknown command.
You are too injured to fight recklessly!
Unknown command.
You are too injured to fight recklessly!
Unknown command.
You closely miss the goblin.
The goblin is heavily wounded.
The goblin barely misses you. The goblin hits you with a dagger.
* * * LOW HITPOINT WARNING * * *
The goblin hits you but does no damage.
Robin roars a battlecry!
The goblins go into a battle-frenzy!
The goblin hits you with a dagger.
* * * LOW HITPOINT WARNING * * *
The goblin closely misses you. The goblin hits you with a club.
* * * LOW HITPOINT WARNING * * *
The goblin closely misses you. The goblin hits you with a dagger.
You die... #(# ##≈≈≈..#...#..# ######)####≈≈#########..# gg# #........##≈≈#...((.(...# ..# #.###....#..('((....).†.# gg#

#.##.........'......)...# ?.#
#.##.....#...'..........# g.#
#.#..#.#.##≈≈#..........# ..#
.........##≈≈#########).##''#
############≈≈≈g@#...#......#
# #≈≈≈gggg..'......# #
##≈≈†.#g.)#......# #
#################


You could see Robin, a hobgoblin (frenzied) and 4 goblins.

Vanquished Creatures
  An ogre (D:3)
  An orc wizard (D:3)
  Natasha (thrice) (D:2)
  4 gnolls (D:3)
  5 adders
  2 worms (D:2)
  2 giant geckos (D:2)
  5 orcs
  2 ball pythons
  15 goblins
  10 hobgoblins
  2 jackals (D:3)
  12 bats
  2 giant cockroaches (D:2)
  2 giant newts
  6 kobolds
  9 rats
83 creatures vanquished.

Notes
Turn   | Place    | Note
--------------------------------------------------------------
     0 | D:1      | Mysteryquy the Mummy Gladiator began the quest for the Orb.
     0 | D:1      | Reached XP level 1. HP: 16/16 MP: 1/1
   201 | D:1      | Found a shimmering altar of Xom.
   211 | D:1      | Reached XP level 2. HP: 20/22 MP: 2/2
   582 | D:2      | Noticed Natasha
   593 | D:2      | Killed Natasha
   593 | D:2      | Reached skill level 3 in Dodging
   593 | D:2      | Reached XP level 3. HP: 13/28 MP: 3/3
   881 | D:2      | Reached XP level 4. HP: 34/34 MP: 4/4
  1089 | D:2      | Noticed Natasha
  1103 | D:2      | Killed Natasha
  1382 | D:2      | Noticed Natasha
  1392 | D:2      | Killed Natasha
  1781 | D:3      | Reached skill level 1 in Armour
  2016 | D:3      | Reached XP level 5. HP: 40/40 MP: 5/5
  2474 | D:3      | Noticed an ogre
  2485 | D:3      | Killed an ogre
  2587 | D:3      | Reached XP level 6. HP: 47/47 MP: 6/6
  2834 | D:3      | Reached skill level 4 in Dodging
  2973 | D:3      | Noticed Robin
  3004 | D:3      | Slain by a goblin

Action                   |  1- 3 |  4- 6 || total
-------------------------+-------+-------++-------
Melee: Quarterstaff      |    91 |   219 ||   310
Throw: Throwing net      |       |     3 ||     3
Evoke: Wand              |       |     2 ||     2
  Use: Scroll            |       |     3 ||     3
 Stab: Sleeping          |       |     1 ||     1
       Held in net/web   |       |     1 ||     1
